 Dungeon Crawl Stone Soup version 0.30.0-18-gc0e69614cb (webtiles) character file.

Game seed: 14302341251405749257

4 Hades the Trooper (level 1, -2/18 HPs)
             Began as a Demonspawn Cinder Acolyte on May 25, 2023.
             Was a High Priest of Ignis.
             Slain by a kobold
             ... wielding a +1 dagger of protection
              (4 damage)
             ... on level 1 of the Dungeon.
             The game lasted 00:02:01 (160 turns).

Hades the Trooper (Demonspawn Cinder Acolyte)        Turns: 160, Time: 00:02:01

Health: -2/18      AC:  2    Str: 14    XL:     1   Next: 50%
Magic:  2/2        EV: 11    Int: 15    God:    Ignis [*****.]
Gold:   0          SH:  0    Dex:  8    Spells: 2/2 levels left

rFire   + . .        a - -1 falchion (flame)
rCold   . . .        (no shield)
rNeg    . . .        b - +0 robe
rPois   .            (no helmet)
rElec   .            (no cloak)
rCorr   .            (no gloves)
SInv    .            (no boots)
Will    .....        (no amulet)
Stlth   +            (no ring)
HPRegen 0.23/turn    (no ring)
MPRegen 0.08/turn

%: no passive effects
@: no status effects
A: no striking features
a: Renounce Religion, Fiery Armour, Foxfire Swarm, Rising Flame


You were on level 1 of the Dungeon.
You worshipped Ignis.
Ignis was extremely pleased with you.
You visited 1 branch of the dungeon, and saw 1 of its levels.

Inventory:

Hand Weapons
 a - a -1 falchion of flaming (weapon)
Armour
 b - a +0 robe (worn)
Scrolls
 c - a scroll of fear {unknown}
 d - 3 scrolls of poison {unknown}


   Skills:
 + Level 3.0 Fighting
 + Level 2.8 Long Blades
 + Level 0.6 Dodging
 * Level 1.0 Spellcasting
 + Level 2.6 Fire Magic


You had 2 spell levels left.
You didn't know any spells.
Your spell library contained the following spells:

 Spells                   Type           Power      Damage    Failure   Level
 Scorch                   Fire           16%        2d6       12%         2


Dungeon Overview and Level Annotations

Branches:
Dungeon (1/15)

Altars:


Message History

You hit the giant cockroach but do no damage.
The giant cockroach bites you. x2
You closely miss the giant cockroach.
The giant cockroach waves its antennae.
The giant cockroach barely misses you.
You barely miss the giant cockroach. The giant cockroach bites you.
You hit the giant cockroach. You burn the giant cockroach.
You kill the giant cockroach!
You see here a giant cockroach corpse.
A kobold comes into view.
It is wielding a +1 dagger of protection.
The kobold shouts!
The kobold throws a stone.
The stone closely misses you.
The kobold throws a stone.
The stone hits you but does no damage.
The kobold throws a stone.
The stone hits you but does no damage.
The kobold hits you with a +1 dagger of protection.
The kobold hits you with a +1 dagger of protection.
You barely miss the kobold. The kobold misses you.
You completely miss the kobold.
The kobold hits you with a +1 dagger of protection.
You barely miss the kobold.
The kobold hits you with a +1 dagger of protection.
You barely miss the kobold. The kobold hits you but does no damage.
You barely miss the kobold.
The kobold hits you with a +1 dagger of protection.
The kobold misses you.
You barely miss the kobold. The kobold barely misses you.
You hit the kobold. You burn the kobold.
The kobold is severely wounded.
The kobold misses you.
You hit the kobold but do no damage.
The kobold is severely wounded.
The kobold hits you with a +1 dagger of protection.
You completely miss the kobold.
The kobold is severely wounded.
The kobold hits you with a +1 dagger of protection.
* * * LOW HITPOINT WARNING * * *
You hit the kobold but do no damage.
The kobold is severely wounded.
The kobold hits you with a +1 dagger of protection.
You die...

#.# #.#..... #.#
#.#..... #.# #.#.....
#.# #..... #.### #(....
#...# #.....
#######.##### #.#..(.
####...........##..#....
......K@.......##...#...
...............##....#†.
......######....#.(...##
..#### ....#....... .
....#.......
............ ######.####
.. #..


You could see a kobold.

Vanquished Creatures
  A dart slug (D:1)
  A giant cockroach (D:1)
2 creatures vanquished.

Notes
Turn   | Place    | Note
-------+----------+-------------------------------------------
     0 | D:1      | Hades the Demonspawn Cinder Acolyte began the quest for the
                  | Orb.
     0 | D:1      | Reached XP level 1. HP: 18/18 MP: 2/2
   160 | D:1      | Slain by a kobold

Illustrated notes

Levels and vault maps discovered:
D:1:      dpeg_arrival_solitude, layout_basic, serial_shops,
          nicolae_shop_crystal

Action                     || total
---------------------------++-------
  Melee: Falchion          ||    16
 Armour: Robe              ||     4
  Dodge: Dodged            ||     8
